 Dungeon Crawl Stone Soup version 0.23.2-40-g277498a001 (webtiles) character file.

Game seed: 10253908318629566209

6834 H0rd4k the Cleaver (level 11, -2/81 (83) HPs)
             Began as a Human Artificer on Oct 22, 2019.
             Was an Initiate of Gozag.
             Slain by a yak (10 damage)
             ... on level 10 of the Dungeon on Oct 28, 2019.
             The game lasted 00:25:42 (11863 turns).

H0rd4k the Cleaver (Human Artificer)               Turns: 11863, Time: 00:25:42

HP:   -2/81 (83)    AC:  6    Str: 17    XL:     11   Next: 26%
MP:   14/14         EV: 15    Int: 15    God:    Gozag
Gold: 1220          SH:  0    Dex: 17    Spells: 10/10 levels left

rFire    . . .     SeeInvis .   I - +3 war axe "Qukuoroi" {venom, Int+4}
rCold    . . .     Gourm    .   (no shield)
rNeg     . . .     Faith    .   J - +0 leather armour of Distant Shores {Dex+4}
rPois    +         Spirit   .   j - +0 helmet
rElec    .         Reflect  .   p - scarf {cloud immunity}
rCorr    .         Harm     .   l - +0 pair of gloves
MR       +....                  (no boots)
Stlth    +++.......             (no amulet)
HPRegen  0.23/turn              q - ring of poison resistance
MPRegen  0.14/turn              t - ring of protection from magic

@: gold aura, lightly drained
A: no striking features
a: Potion Petition, Call Merchant, Bribe Branch, Renounce Religion


You were on level 10 of the Dungeon.
You worshipped Gozag.
Gozag was most pleased with you.
You were not hungry.

You visited 2 branches of the dungeon, and saw 11 of its levels.

You collected 1320 gold pieces.
You paid 100 gold pieces to Gozag.

Inventory:

Hand Weapons
 a - a +0 short sword
 w - a +3 trident of freezing
 F - a +0 falchion
 I - the +3 war axe "Qukuoroi" (weapon) {venom, Int+4}
   (You found it on level 6 of the Dungeon)

   It poisons the flesh of those it strikes.
   It affects your intelligence (+4).
 S - a +7 falchion
Missiles
 G - 9 tomahawks (quivered)
Armour
 j - a +0 helmet (worn)
 l - a +0 pair of gloves (worn)
 p - a scarf of cloud immunity (worn)
 J - the +0 leather armour of Distant Shores (worn) {Dex+4}
   (You found it on level 5 of the Dungeon)

   It affects your dexterity (+4).
 Q - a cursed +0 plate armour
Magical Staves
 c - an uncursed staff of summoning
Jewellery
 q - a ring of poison resistance (left hand)
 t - a ring of protection from magic (right hand)
 y - an uncursed ring of stealth
 z - an uncursed ring of see invisible
 E - an uncursed ring of protection from cold
Wands
 d - a wand of enslavement (17)
 e - a wand of random effects (5)
 D - a wand of acid (5)
 H - a wand of disintegration (8)
 M - a wand of paralysis (7)
Scrolls
 i - 5 scrolls of enchant armour {unknown}
 k - 3 scrolls of blinking
 m - a scroll of identify
 n - 4 scrolls of teleportation
 s - 7 scrolls of remove curse
 x - 2 scrolls of fear
Potions
 b - 3 potions of curing
 g - 2 potions of heal wounds
 h - 3 potions of brilliance
 o - a potion of might
 r - 2 potions of resistance
 u - a potion of cancellation
 A - 3 potions of agility
 B - a potion of magic
 C - a potion of lignification
 K - 2 potions of haste
 L - a potion of degeneration
Miscellaneous
 R - a phial of floods
Comestibles
 f - 8 rations


   Skills:
 + Level 6.4(6.1) Fighting
 + Level 3.5(4.9) Short Blades
 + Level 5.9(6.0) Long Blades
 + Level 8.3(8.2) Axes
 + Level 3.3(5.9) Polearms
 + Level 5.3(5.0) Armour
 + Level 5.3(5.0) Dodging
 + Level 6.0(5.7) Stealth
 + Level 4.9(4.5) Evocations


You had 10 spell levels left.
You didn't know any spells.
Your spell library contained the following spells:

 Spells                   Type           Power        Failure   Level  Hunger
 Animate Skeleton         Necr           N/A          32%         1    ##.....
 Apportation              Tloc           #.....       32%         1    ##.....
 Confusing Touch          Hex            #.....       32%         1    ##.....
 Summon Small Mammal      Summ           #...         32%         1    ##.....


Dungeon Overview and Level Annotations

Branches:
Dungeon (10/15)            Temple (1/1) D:5            Lair (0/6) D:8
    Orc: D:9-12

Altars:
Ashenzari
Dithmenos
Elyvilon
Gozag
Hepliaklqana
Nemelex Xobeh
Okawaru
Ru
Sif Muna
Trog
Uskayaw
Wu Jian
Xom
Yredelemnul
Zin
The Shining One
Beogh

Shops:
D:6 (

Annotations:
D:2 exclusion: downstairs
D:6 exclusion: downstairs
D:7 exclusion: 2 downstairs
D:8 Gastronok


Message History

The yak gores you!
You barely miss the yak.
The yak is moderately wounded.
The yak gores you.
You hit the yak but do no damage.
The yak looks as sick as possible!
The yak is moderately wounded.
The yak gores you!
* * * LOW HITPOINT WARNING * * *
You completely miss the yak.
The yak is moderately wounded.
The yak closely misses you.
You hit the yak.
The yak looks as sick as possible!
The yak is heavily wounded.
The yak gores you!
* * * LOW HITPOINT WARNING * * *
You slash the yak!
The yak looks as sick as possible!
The yak is severely wounded.
The yak gores you!
You die...
Your body crumbles into a pile of gold.

,,,,,,,,,,,,,*#.....#............
,,,,,,,,,,,,,*#....<#............
,,,,,,,,,,,,,*#.....#Y.......####
**#######+#########'#.......(....
,,...............................
,,........##..........##......>##
,,........##...####...##.........
,,........##...####...##.........
,,..(...........@Y.....).........
**###############################


You could see a yak.

Vanquished Creatures
  A two-headed ogre (D:4)
  An unseen horror (D:10)
  Joseph (D:8)
  Psyche (D:8)
  A troll (D:8)
  2 hippogriffs (D:9)
  2 yaks (D:10)
  A black bear (D:9)
  2 sky beasts
  6 phantoms
  A hornet zombie (D:8)
  3 orc warriors
  An ice beast (D:9)
  2 necrophages
  A centaur (D:9)
  3 ogres
  2 big kobolds
  3 bullfrogs
  A gnoll sergeant (D:6)
  A wyvern zombie (D:6)
  A scorpion (D:6)
  7 wights
  2 howler monkeys
  7 crimson imps
  2 jellies
  4 hounds
  An orc wizard (D:4)
  5 bullfrog skeletons
  2 orc priests
  Ijyb (D:3)
  4 iguanas
  4 worker ants
  Natasha (thrice) (D:3)
  A worker ant zombie (D:5)
  Robin (D:3)
  7 gnolls
  6 adders
  A shadow imp (D:5)
  An ooze (D:1)
  2 adder skeletons
  A worm (D:2)
  2 dart slugs
  10 leopard geckos
  34 orcs
  5 ball pythons
  6 bats
  5 giant cockroaches
  16 goblins
  14 hobgoblins
  9 jackals
  A quokka (D:4)
  2 frilled lizards (D:2)
  15 kobolds
  A leopard gecko skeleton (D:5)
  A quokka skeleton (D:5)
  8 rats
228 creatures vanquished.

Vanquished Creatures (collateral kills)
  Pikel (D:8)
  A bullfrog (D:8)
  2 howler monkeys (D:8)
  A worker ant (D:7)
  2 orcs (D:7)
7 creatures vanquished.

Vanquished Creatures (others)
  An orc warrior (D:8)
  3 slaves (D:8)
  A crimson imp (D:8)
  2 orc priests (D:8)
  A centaur skeleton (D:8)
  3 orc wizards (D:8)
  A shadow imp (D:8)
  3 orcs (D:8)
  A kobold (D:8)
  A quokka zombie (D:8)
17 creatures vanquished.

Grand Total: 252 creatures vanquished

Notes
Turn   | Place    | Note
-------+----------+-------------------------------------------
     0 | D:1      | H0rd4k the Human Artificer began the quest for the Orb.
     0 | D:1      | Reached XP level 1. HP: 15/15 MP: 3/3
   349 | D:1      | Reached XP level 2. HP: 6/21 MP: 4/4
   753 | D:1      | Reached XP level 3. HP: 25/26 MP: 5/5
  1315 | D:2      | Reached skill level 1 in Armour
  1384 | D:2      | Found a deep blue altar of Sif Muna.
  1416 | D:2      | Reached XP level 4. HP: 24/32 MP: 6/6
  1418 | D:2      | Found a glowing silver altar of Zin.
  1509 | D:2      | Found a faded altar of an unknown god.
  1643 | D:2      | Reached XP level 5. HP: 24/37 MP: 7/7
  2170 | D:3      | Noticed Natasha
  2170 | D:3      | Noticed Robin
  2834 | D:3      | Noticed Ijyb
  2848 | D:3      | Killed Ijyb
  3436 | D:3      | Killed Robin
  3436 | D:3      | Reached XP level 6. HP: 35/43 MP: 8/8
  3540 | D:3      | Killed Natasha
  3864 | D:3      | Noticed Natasha
  3865 | D:3      | Killed Natasha
  3967 | D:3      | Noticed Natasha
  3972 | D:3      | Killed Natasha
  4318 | D:4      | Found a shadowy altar of Dithmenos.
  4500 | D:4      | Noticed an ogre
  4502 | D:4      | Reached XP level 7. HP: 50/50 MP: 9/9
  4509 | D:4      | Reached skill level 1 in Long Blades
  4514 | D:4      | You fall through a shaft for 3 floors!
  5323 | D:6      | HP: 2/51 [wyvern zombie (3)]
  5441 | D:6      | Found a hide-covered altar of Uskayaw.
  5443 | D:6      | Noticed a +0 hand axe
  5443 | D:6      | Noticed a +0 dagger
  5538 | D:5      | Entered Level 5 of the Dungeon
  5546 | D:5      | Got a smoking leather armour
  5557 | D:5      | Reached XP level 8. HP: 33/57 MP: 10/10
  5568 | D:5      | Identified the +0 leather armour of Distant Shores {Dex+4}
                  | (You found it on level 5 of the Dungeon)
  5781 | D:4      | Found a shimmering altar of Xom.
  5908 | D:4      | Noticed a two-headed ogre
  5911 | D:4      | Killed a two-headed ogre
  5911 | D:4      | Reached skill level 5 in Long Blades
  5928 | D:4      | Found an ornate altar of the Wu Jian Council.
  5988 | D:5      | Reached XP level 9. HP: 49/65 MP: 12/12
  6269 | D:5      | Found a staircase to the Ecumenical Temple.
  6434 | Temple   | Entered the Ecumenical Temple
  6449 | Temple   | Became a worshipper of Gozag Ym Sagoz the Greedy
  6605 | D:6      | Reached skill level 1 in Polearms
  7043 | D:6      | Got a pitted war axe
  7044 | D:6      | Identified the +3 war axe "Qukuoroi" {venom, Int+4} (You
                  | found it on level 6 of the Dungeon)
  7072 | D:6      | Found Dixzio's Weapon Shop.
  7487 | D:7      | Reached skill level 1 in Axes
  7831 | D:7      | Reached skill level 2 in Axes
  7834 | D:7      | HP: 2/66 [orc warrior/+0 dire flail (14)]
  8194 | D:7      | Found a shattered altar of Ashenzari.
  8396 | D:8      | Noticed Psyche
  8396 | D:8      | Noticed Joseph
  8759 | D:7      | Reached skill level 3 in Axes
  8963 | D:8      | Noticed Pikel
  8965 | D:8      | Reached XP level 10. HP: 67/73 MP: 13/13
  8990 | D:8      | Killed Pikel
  8990 | D:8      | Reached skill level 5 in Fighting
  8990 | D:8      | Reached skill level 4 in Axes
  8990 | D:8      | Reached skill level 5 in Armour
  9169 | D:9      | Reached skill level 5 in Axes
  9413 | D:9      | Found a glowing golden altar of the Shining One.
  9560 | D:9      | Found a sacrificial altar of Ru.
  9699 | D:9      | Reached skill level 6 in Axes
 10076 | D:8      | Reached skill level 5 in Dodging
 10132 | D:8      | Noticed Gastronok
 10493 | D:8      | Found a staircase to the Lair.
 10777 | D:8      | Reached skill level 7 in Axes
 10794 | D:8      | Found a roughly hewn altar of Beogh.
 10972 | D:8      | Killed Psyche
 10981 | D:8      | Killed Joseph
 10981 | D:8      | Reached skill level 5 in Stealth
 10981 | D:8      | Reached XP level 11. HP: 80/80 MP: 14/14
 11069 | D:9      | Found a sparkling altar of Nemelex Xobeh.
 11235 | D:9      | Found a basalt altar of Yredelemnul.
 11411 | D:10     | Entered Level 10 of the Dungeon
 11434 | D:10     | Killed an unseen horror
 11434 | D:10     | Reached skill level 8 in Axes
 11863 | D:10     | Slain by a yak

Skill      XL: |  1  2  3  4  5  6  7  8  9 10 11 |
---------------+----------------------------------+-----
Armour         | 1 2 3 4 5 |  5.3
Short Blades   | 2 3 |  3.5
Dodging        | 3 4 5 |  5.3
Fighting       | 2 3 4 5 6 |  6.4
Stealth        | 2 3 4 5 6 |  6.0
Long Blades    | 3 5 |  5.9
Evocations     | 4 |  4.9
Polearms       | 3 |  3.3
Axes           | 3 7 8 |  8.3

Action                   |  1- 3 |  4- 6 |  7- 9 | 10-12 || total
-------------------------+-------+-------+-------+-------++-------
Melee: Short sword       |   142 |   206 |       |       ||   348
       Falchion          |       |    30 |   241 |       ||   271
       Trident           |       |       |   148 |       ||   148
       War axe           |       |       |    99 |   237 ||   336
Evoke: Wand              |     1 |    18 |    11 |    10 ||    40
  Use: Scroll            |       |       |     2 |    14 ||    16
       Potion            |       |       |     1 |     3 ||     4
 Stab: Sleeping          |     3 |     1 |     7 |     3 ||    14
       Paralysed         |       |     5 |       |     8 ||    13
       Confused          |       |     4 |       |       ||     4
       Distracted        |       |       |     2 |     1 ||     3
  Eat: Chunk             |     2 |    10 |     6 |       ||    18
       Ration            |       |       |     3 |     3 ||     6
Armor: Leather armour    |    43 |    65 |    61 |    47 ||   216
       Plate armour      |       |     3 |   162 |       ||   165
Dodge: Dodged            |   103 |   144 |   250 |   168 ||   665
       Rpst.: Falchion   |       |     7 |    33 |       ||    40
